 Dungeon Crawl Stone Soup version 0.24-a0-462-ge24419a6ad (webtiles) character file.

Game seed: 10357709468748538494

1684 Mithandil the Magician (level 8, -2/41 HPs)
             Began as a Deep Elf Conjurer on July 1, 2019.
             Shot with an arrow by a centaur (3 damage)
             ... on level 5 of the Dungeon on July 2, 2019.
             The game lasted 01:01:16 (6596 turns).

Mithandil the Magician (Deep Elf Conjurer)          Turns: 6596, Time: 01:01:17

Health: -2/41      AC:  5    Str:  5    XL:     8   Next: 71%
Magic:  3/21       EV: 15    Int: 23    God:
Gold:   216        SH:  0    Dex: 15    Spells: 4/21 levels left

rFire    . . .     SeeInvis .   a - +1 dagger (holy)
rCold    . . .     Gourm    .   (no shield)
rNeg     . . .     Faith    .   i - +1 robe
rPois    .         Spirit   .   n - +0 helmet
rElec    .         Reflect  .   (no cloak)
rCorr    .         Harm     .   (no gloves)
MR       .....                  f - +0 pair of boots
Stlth    +++.......             r - amulet of magic regeneration
HPRegen  0.13/turn              h - +1 ring of slaying
MPRegen  0.42/turn              (no ring)

@: no status effects
A: no striking features
a: no special abilities


You were on level 5 of the Dungeon.
You were not hungry.

You visited 1 branch of the dungeon, and saw 7 of its levels.
You also visited: Sewer and Ossuary.

You collected 496 gold pieces.
You spent 280 gold pieces at shops.

Inventory:

Hand Weapons
 a - a +1 dagger of holy wrath (weapon)
 b - a +0 shortbow
 z - a +0 hunting sling
Missiles
 g - 244 stones
 l - 82 arrows (quivered)
 t - 27 sling bullets
Armour
 f - a +0 pair of boots (worn)
 i - a +1 robe (worn)
 n - a +0 helmet (worn)
Jewellery
 h - a +1 ring of slaying (left hand)
 r - an amulet of magic regeneration (around neck)
Scrolls
 q - 2 scrolls of amnesia
 u - 2 scrolls of remove curse
 x - 2 scrolls of teleportation
 y - 5 scrolls of identify
 A - 3 scrolls of magic mapping
 B - 3 scrolls of fog
Potions
 c - 4 potions of degeneration {unknown}
 d - 4 potions of flight
 e - 3 potions of heal wounds {unknown}
 j - 5 potions of ambrosia {unknown}
 m - a potion of lignification {unknown}
 o - 5 potions of brilliance
 p - 3 potions of curing {unknown}
 s - 2 potions of resistance
 v - 3 potions of haste {unknown}
 w - 2 potions of mutation {unknown}
 C - 2 potions of might {unknown}
Comestibles
 k - 3 rations


   Skills:
 + Level 3.2 Short Blades
 - Level 2.0 Slings
 + Level 0.0 Bows
 + Level 4.9 Dodging
 + Level 5.2 Stealth
 * Level 7.3 Spellcasting
 * Level 7.2 Conjurations
 + Level 3.5 Hexes
 + Level 2.8 Translocations
 + Level 2.0 Fire Magic


You had 4 spell levels left.
You knew the following spells:

 Your Spells              Type           Power        Failure   Level  Hunger
a - Magic Dart            Conj           ####         1%          1    None
b - Searing Ray           Conj           #####.       1%          2    None
c - Force Lance           Conj/Tloc      ####....     9%          4    ###....
d - Iskenderun's Mystic   Conj           #####...     3%          4    ###....
e - Dazzling Spray        Conj/Hex       ####..       2%          3    None
f - Conjure Flame         Conj/Fire      ####....     3%          3    None

Your spell library contained the following spells:

 Spells                   Type           Power        Failure   Level  Hunger
 Slow                     Hex            ###.....     2%          2    None
 Blink                    Tloc           N/A          3%          2    None
 Fulminant Prism          Conj/Hex       ####......   8%          4    ###....
 Mephitic Cloud           Conj/Pois/Air  ###.....     9%          3    None
 Call Imp                 Summ           #.......     11%         2    None


Dungeon Overview and Level Annotations

Branches:
Dungeon (7/15)
 Temple: D:4-7

Altars:
Cheibriados
Gozag
Nemelex Xobeh
Ru
Trog

Shops:
D:4 :


Message History

Casting: Magic Dart (safe; 1% risk of failure)
Confirm with . or Enter, or press ? or * to list all spells.
Aiming: Magic Dart (safe; 1% risk of failure)
Press: ? - help, Shift-Dir - straight line, f/p - centaur
Aim: a centaur, wielding a +1 shortbow of freezing (lightly wounded)
The magic dart hits the centaur!
The centaur is heavily wounded.
The centaur shoots an arrow.
The arrow hits you! The arrow freezes you!
* * * LOW HITPOINT WARNING * * *
Casting: Magic Dart (safe; 1% risk of failure)
Confirm with . or Enter, or press ? or * to list all spells.
Aiming: Magic Dart (safe; 1% risk of failure)
Press: ? - help, Shift-Dir - straight line, f/p - centaur
Aim: a centaur, wielding a +1 shortbow of freezing (heavily wounded)
The magic dart hits the centaur but does no damage.
The centaur is heavily wounded.
The centaur shoots an arrow.
The arrow hits you!
* * * LOW HITPOINT WARNING * * *
The arrow freezes you.
You die...

#....# ##.#.# ####.#.####
#####....#....#
##.....#######.#
#.####....#....# # #.#
#.....#...######## #
##.###.###.#...........
###...##(###....@########
....#.....###.#..#
###...##..# #.#..# #
##.###..# # #).# # #.#
#..# .).# # #.# #...
)).). # #.# #.### ....#
#.# #.# #..c.# .#


You could see a centaur.

Vanquished Creatures
  An ice beast (D:5)
  An ogre (D:4)
  2 centaurs (D:7)
  A big kobold (Sewer)
  2 bullfrogs
  2 scorpions
  A troll zombie (Ossuary)
  3 killer bees
  A howler monkey (D:6)
  A crimson imp (D:5)
  A centaur zombie (Ossuary)
  3 human zombies (Ossuary)
  An orc priest (D:5)
  A hound (D:4)
  An orc wizard (D:7)
  3 iguanas
  3 worker ants
  3 ogre zombies (Ossuary)
  A hound zombie (D:6)
  A hound skeleton (D:4)
  7 mummies (Ossuary)
  12 adders
  A river rat (Sewer)
  2 shadow imps
  6 adder zombies
  A worm (D:2)
  4 dart slugs (D:1)
  3 leopard geckos
  9 orcs
  3 ball pythons
  6 bats
  6 giant cockroaches
  9 goblins
  6 hobgoblins
  8 jackals
  3 quokkas
  4 frilled lizards
  3 goblin zombies (Ossuary)
  10 kobolds
  4 kobold zombies (Ossuary)
  A leopard gecko skeleton (D:4)
  7 quokka zombies
  12 rats
  5 rat zombies (Ossuary)
165 creatures vanquished.

Notes
Turn   | Place    | Note
-------+----------+-------------------------------------------
     0 | D:1      | Mithandil the Deep Elf Conjurer began the quest for the
                  | Orb.
     0 | D:1      | Reached XP level 1. HP: 10/10 MP: 6/6
   191 | D:1      | Reached XP level 2. HP: 15/15 MP: 5/8
   203 | D:1      | Learned a level 2 spell: Searing Ray
  1015 | D:1      | Reached XP level 3. HP: 19/19 MP: 3/10
  1309 | D:2      | Reached skill level 5 in Conjurations
  1447 | D:3      | Found a snail-covered altar of Cheibriados.
  1470 | D:3      | Reached XP level 4. HP: 24/24 MP: 7/12
  1579 | D:3      | Found an opulent altar of Gozag.
  1652 | D:2      | Reached skill level 1 in Short Blades
  1852 | D:3      | Found a glowing drain.
  1864 | Sewer    | Entered a sewer
  1911 | Sewer    | Noticed a big kobold
  1920 | Sewer    | Killed a big kobold
  1920 | Sewer    | Reached XP level 5. HP: 28/28 MP: 4/14
  1956 | Sewer    | Found a glowing silver altar of Zin.
  2417 | D:3      | Reached skill level 5 in Spellcasting
  2468 | D:2      | Reached XP level 6. HP: 29/32 MP: 8/15
  2474 | D:2      | Learned a level 4 spell: Force Lance
  2479 | D:2      | Learned a level 4 spell: Iskenderun's Mystic Blast
  2483 | D:2      | Learned a level 3 spell: Dazzling Spray
  2869 | D:2      | Found a bloodstained altar of Trog.
  3451 | D:4      | Found Adivacsu's Book Boutique.
  3473 | D:4      | Bought a book of Minor Magic for 280 gold pieces
  3480 | D:5      | Entered Level 5 of the Dungeon
  3622 | D:4      | Reached skill level 1 in Hexes
  3622 | D:4      | Reached skill level 1 in Translocations
  3628 | D:4      | Reached XP level 7. HP: 18/36 MP: 6/17
  3775 | D:4      | Learned a level 3 spell: Conjure Flame
  3927 | D:5      | Found a sacrificial altar of Ru.
  3983 | D:6      | Found a sparkling altar of Nemelex Xobeh.
  4122 | D:6      | Reached skill level 1 in Slings
  4395 | D:6      | Found a sand-covered staircase.
  4404 | Ossuary  | Entered an ossuary
  4563 | Ossuary  | HP: 1/36 [troll zombie (6)]
  5191 | Ossuary  | Reached XP level 8. HP: 39/41 MP: 10/19
  5371 | Ossuary  | Reached skill level 1 in Fire Magic
  5857 | D:7      | Reached skill level 5 in Stealth
  6596 | D:5      | HP: 1/41 [centaur/arrow (8)]
  6596 | D:5      | Shot with an arrow by a centaur

Levels and vault maps discovered:
D:1:      denvon_arrival_planthouse, layout_loops_ring
D:2:      layout_rooms, first_ration, trog_book
D:3:      layout_basic, cheibriados_altar_1, portal_sewer_entry_d,
          serial_corexii_hall, corexii_hall_statues_u, corexii_hall_statues_i,
          nicolae_gozag_seed_capital
D:4:      layout_rooms, serial_shops, nicolae_shop_stone, solitary_fountain,
          grunt_ministairs_4
D:5:      wander_river, layout_loops_ring, nicolae_ru_awakened_eye,
          gammafunk_ghost_cemetery
D:6:      layout_layer_cave, nicolae_ossuary_entry_monument, basic_altar
D:7:      minmay_the_grid_octo_tiled_squarecenter
          [minmay_the_grid_octo_clover_2, minmay_the_grid_octo_pinwheel,
          minmay_the_grid_octo_tetromino_candy, minmay_the_grid_octo_teeth,
          minmay_the_grid_square_5x5_megaprize_hollow,
          minmay_the_grid_square_5x5_meh, minmay_the_grid_square_5x5_empty,
          minmay_the_grid_square_5x5_c, minmay_the_grid_square_5x5_v],
          layout_loops_ring, lemuel_zombie_altar_kikubaaqudgha, tgw_sif,
          minmay_temple_entry_overgrown

Skill      XL: |  1  2  3  4  5  6  7  8 |
---------------+-------------------------+-----
Stealth        | 3 4 5 |  5.2
Spellcasting   | 4 5 6 7 |  7.3
Conjurations   | 5 6 7 |  7.2
Dodging        | 3 4 |  4.9
Short Blades   | 1 2 3 |  3.2
Hexes          | 1 2 3 |  3.5
Translocations | 1 2 |  2.8
Slings         | 1 2 |  2.0
Fire Magic     | 2 |  2.0

Action                   |  1- 3 |  4- 6 |  7- 9 || total
-------------------------+-------+-------+-------++-------
Melee: Dagger            |    10 |     5 |    22 ||    37
 Cast: Magic Dart        |    61 |   127 |   162 ||   350
       Searing Ray       |    10 |     8 |    21 ||    39
       Iskenderun's Myst |       |       |    24 ||    24
       Conjure Flame     |       |       |     1 ||     1
  Use: Scroll            |     2 |     8 |     5 ||    15
       Potion            |       |       |     1 ||     1
  Eat: Ration            |     1 |     1 |     4 ||     6
       Chunk             |       |     2 |       ||     2
Armor: Robe              |     3 |    10 |    18 ||    31
Dodge: Dodged            |    12 |    30 |    77 ||   119

Table legend:
 A = Non-vault XP
 B = Vault XP
 C = Vault XP percentage of total XP
 D = Non-vault monster count
 E = Vault monster count
 F = Vault count percentage of total count
                 A         B        C        D         E       F
            +---------+---------+-------+---------+---------+-------
      Total |    1501 |     905 |  37.6 |     112 |      53 |  32.1
            +---------+---------+-------+---------+---------+-------
        D:1 |      57 |       0 |   0.0 |      29 |       0 |   0.0
        D:2 |     142 |       0 |   0.0 |      27 |       0 |   0.0
        D:3 |     117 |      13 |  10.0 |      12 |       1 |   7.7
        D:4 |     247 |      40 |  13.9 |      12 |       1 |   7.7
        D:5 |     305 |       0 |   0.0 |      11 |       0 |   0.0
        D:6 |     386 |       0 |   0.0 |      17 |       0 |   0.0
        D:7 |     247 |     251 |  50.4 |       4 |       3 |  42.9
      Sewer |       0 |     120 | 100.0 |       0 |      11 | 100.0
    Ossuary |       0 |     481 | 100.0 |       0 |      37 | 100.0
            +---------+---------+-------+---------+---------+-------
